General information
- name: BNet
- type: Ladder team game (AT/RT)
- host: Battle.net
- saver: teelo
map: Deathknell
- players: 8
- length: 19:24
- speed: Fast
- version: 1.26 W3XP
- replay type: Public
» download(152 KB)
Players
team 1 (winner)
shadradoo (
pink | 99 APM | 1927 actions | 19:24)
5 Blademaster
3 Critical Strike
2 Wind Walk
3 Shadow Hunter
1 Hex
2 Healing Wave
3 Tauren Chieftain
1 War Stomp
2 Endurance Aura
» actions
| Assign group hotkey | 16 | |
| Basic commands | 56 | |
| Build / train | 76 | |
| Enter build submenu | 13 | |
| Enter hero's abilities submenu | 11 | |
| Give item / drop item | 7 | |
| Remove unit from queue | 1 | |
| Right click | 911 | |
| Select / deselect | 424 | |
| Select group hotkey | 311 | |
| Use ability | 101 | |
1927 total
» units
| Peon | 9 | |
| Grunt | 4 | |
| Raider | 5 | |
| Kodo Beast | 1 | |
| Wind Rider | 4 | |
23 total
» upgrades
| Pillage | 1 | |
| Melee Weapons | 3 | |
| Armor | 3 | |
| Ensnare | 1 | |
| War Drums Damage Increase | 1 | |
| Envenomed Spears | 1 | |
| Ranged Weapons | 2 | |
12 total
» buildings
| Altar of Storms | 1 | |
| Orc Burrow | 7 | |
| Barracks | 1 | |
| Voodoo Lounge | 1 | |
| Stronghold | 1 | |
| War Mill | 1 | |
| Beastiary | 2 | |
| Fortress | 1 | |
15 total
» build order
00:07 Altar of Storms
00:15 Orc Burrow
00:26 Barracks
01:28 Orc Burrow
01:46 Voodoo Lounge
03:41 Stronghold
04:23 War Mill
04:38 Orc Burrow
06:05 Beastiary
06:06 Beastiary
06:09 Orc Burrow
07:07 Fortress
12:05 Orc Burrow
15:23 Orc Burrow
15:24 Orc Burrow
» items
| Healing Salve | 3 | |
| Orb of Lightning | 1 | |
| Lesser Clarity Potion | 3 | |
| Scroll of Town Portal | 1 | |
| Potion of Healing | 3 | |
| Potion of Mana | 2 | |
13 total
Jesus_Is_Lord (
purple | 46 APM | 887 actions | 19:24)
4 Archmage
2 Summon Water Elemental
2 Brilliance Aura
3 Paladin
2 Holy Light
1 Divine Shield
3 Firelord
2 Summon Lava Spawn
1 Incinerate
» actions
| Assign group hotkey | 3 | |
| Build / train | 51 | |
| Enter build submenu | 21 | |
| Enter hero's abilities submenu | 11 | |
| Give item / drop item | 1 | |
| Remove unit from queue | 2 | |
| Right click | 283 | |
| Select / deselect | 144 | |
| Select group hotkey | 289 | |
| Use ability | 82 | |
887 total
» units
| Peasant | 9 | |
| Sorceress | 4 | |
| Priest | 3 | |
| Spell Breaker | 2 | |
| Siege Engine | 4 | |
22 total
» upgrades
| Priest Training | 2 | |
| Sorceress Training | 2 | |
| Armor | 0 | |
| Plating | 2 | |
| Gunpowder | 1 | |
| Barrage | 1 | |
| Masonry | 1 | |
| Lumber Harvesting | 1 | |
10 total
» buildings
| Altar of Kings | 1 | |
| Farm | 11 | |
| Barracks | 1 | |
| Scout Tower | 1 | |
| Arcane Tower | 1 | |
| Keep | 2 | |
| Blacksmith | 1 | |
| Lumber Mill | 1 | |
| Arcane Sanctum | 2 | |
| Arcane Vault | 1 | |
| Castle | 1 | |
| Workshop | 1 | |
| Town Hall | 1 | |
25 total
» build order
00:07 Altar of Kings
00:12 Farm
00:45 Barracks
01:04 Farm
01:22 Scout Tower
01:51 Arcane Tower
02:55 Keep
03:13 Farm
03:47 Blacksmith
03:59 Lumber Mill
05:43 Arcane Sanctum
05:47 Arcane Vault
05:53 Arcane Sanctum
06:40 Castle
06:44 Farm
07:10 Farm
07:49 Farm
08:23 Farm
08:54 Farm
09:01 Workshop
09:45 Farm
10:04 Farm
12:10 Farm
13:55 Town Hall
GholTool (
orange | 48 APM | 922 actions | 19:24)
4 Death Knight
2 Death Coil
2 Unholy Aura
3 Lich
2 Frost Nova
1 Frost Armor
1 Crypt Lord
1 Impale
» actions
| Basic commands | 78 | |
| Build / train | 53 | |
| Enter build submenu | 22 | |
| Enter hero's abilities submenu | 8 | |
| Remove unit from queue | 2 | |
| Right click | 384 | |
| Select / deselect | 320 | |
| Use ability | 55 | |
922 total
» units
| Acolyte | 7 | |
| Ghoul | 2 | |
| Crypt Fiend | 8 | |
| Goblin Shredder | 1 | |
| Frost Wyrm | 6 | |
24 total
» upgrades
| Creature Carapace | 3 | |
| Creature Attack | 3 | |
| Web | 1 | |
| Freezing Breath | 2 | |
| Unholy Strength | 0 | |
9 total
» buildings
| Crypt | 1 | |
| Altar of Darkness | 1 | |
| Ziggurat | 9 | |
| Graveyard | 1 | |
| Tomb of Relics | 1 | |
| Necropolis | 1 | |
| Halls of the Dead | 1 | |
| Sacrificial Pit | 1 | |
| Black Citadel | 1 | |
| Spirit Tower | 3 | |
| Boneyard | 3 | |
23 total
» build order
00:21 Crypt
00:23 Altar of Darkness
00:33 Ziggurat
00:59 Graveyard
01:11 Tomb of Relics
01:52 Ziggurat
04:03 Necropolis
05:37 Halls of the Dead
05:50 Ziggurat
06:14 Ziggurat
08:17 Sacrificial Pit
08:18 Black Citadel
08:31 Spirit Tower
08:32 Spirit Tower
08:33 Spirit Tower
08:34 Ziggurat
08:38 Ziggurat
11:16 Boneyard
11:23 Boneyard
11:35 Boneyard
11:58 Ziggurat
12:00 Ziggurat
12:03 Ziggurat
» items
| Rod of Necromancy | 1 | |
| Sacrificial Skull | 1 | |
2 total

»
j.ponce (
green | 53 APM | 1033 actions | 19:24)
3 Archmage
2 Summon Water Elemental
1 Brilliance Aura
» actions
| Assign group hotkey | 55 | |
| Basic commands | 83 | |
| Build / train | 82 | |
| Enter build submenu | 31 | |
| Enter hero's abilities submenu | 3 | |
| Right click | 411 | |
| Select / deselect | 226 | |
| Select group hotkey | 66 | |
| Use ability | 76 | |
1033 total
» units
| Peasant | 17 | |
| Rifleman | 9 | |
| Priest | 7 | |
| Sorceress | 7 | |
| Mortar Team | 12 | |
52 total
» upgrades
| Gunpowder | 3 | |
| Armor | 2 | |
| Long Rifles | 1 | |
| Lumber Harvesting | 1 | |
| Sorceress Training | 2 | |
| Priest Training | 3 | |
| Masonry | 1 | |
| Fragmentation Shards | 1 | |
| Flare | 1 | |
15 total
» buildings
| Altar of Kings | 2 | |
| Farm | 15 | |
| Blacksmith | 1 | |
| Barracks | 1 | |
| Arcane Vault | 1 | |
| Scout Tower | 7 | |
| Lumber Mill | 2 | |
| Keep | 1 | |
| Guard Tower | 6 | |
| Arcane Sanctum | 1 | |
| Castle | 1 | |
| Town Hall | 1 | |
| Workshop | 1 | |
40 total
» build order
00:09 Altar of Kings
00:14 Farm
01:13 Blacksmith
01:21 Farm
01:37 Barracks
01:58 Arcane Vault
02:06 Scout Tower
02:07 Scout Tower
02:50 Farm
03:08 Lumber Mill
03:13 Scout Tower
03:47 Farm
03:50 Farm
03:54 Keep
05:06 Guard Tower
05:06 Guard Tower
05:06 Guard Tower
06:21 Arcane Sanctum
07:33 Castle
08:19 Town Hall
09:41 Farm
11:44 Workshop
12:09 Scout Tower
12:14 Scout Tower
12:16 Scout Tower
12:18 Farm
12:19 Farm
15:24 Farm
15:25 Farm
15:29 Farm
15:31 Farm
15:38 Guard Tower
15:38 Guard Tower
17:35 Altar of Kings
17:59 Farm
17:59 Farm
18:23 Farm
18:26 Scout Tower
18:57 Lumber Mill
» items
| Scroll of Regeneration | 2 | |
| Scroll of Town Portal | 1 | |
3 total
team 2 (loser)
teelo (
red | 66 APM | 1286 actions | 19:24)
5 Paladin
3 Holy Light
1 Devotion Aura
1 Divine Shield
» actions
| Assign group hotkey | 187 | |
| Basic commands | 83 | |
| Build / train | 75 | |
| ESC pressed | 2 | |
| Enter build submenu | 35 | |
| Enter hero's abilities submenu | 5 | |
| Right click | 349 | |
| Select / deselect | 176 | |
| Select group hotkey | 280 | |
| Use ability | 94 | |
1286 total
» units
| Peasant | 21 | |
| Footman | 4 | |
| Goblin Shredder | 2 | |
| Dragonhawk Rider | 1 | |
| Knight | 10 | |
38 total
» upgrades
| Swords | 3 | |
| Masonry | 2 | |
| Lumber Harvesting | 2 | |
| Animal War Training | 1 | |
| Plating | 4 | |
| Magic Sentry | 1 | |
13 total
» buildings
| Altar of Kings | 1 | |
| Farm | 13 | |
| Scout Tower | 8 | |
| Barracks | 2 | |
| Arcane Tower | 2 | |
| Lumber Mill | 1 | |
| Arcane Vault | 1 | |
| Blacksmith | 1 | |
| Keep | 1 | |
| Guard Tower | 4 | |
| Town Hall | 1 | |
| Castle | 1 | |
| Gryphon Aviary | 2 | |
| Arcane Sanctum | 1 | |
39 total
» build order
00:24 Altar of Kings
00:41 Farm
00:51 Scout Tower
01:06 Barracks
01:48 Arcane Tower
01:54 Farm
02:01 Lumber Mill
02:12 Arcane Vault
02:28 Farm
02:48 Blacksmith
02:56 Scout Tower
03:47 Keep
03:56 Guard Tower
05:05 Town Hall
05:05 Scout Tower
05:06 Scout Tower
05:37 Arcane Tower
05:39 Guard Tower
06:06 Farm
07:05 Castle
07:27 Gryphon Aviary
08:20 Farm
09:31 Gryphon Aviary
09:35 Farm
09:39 Scout Tower
09:41 Scout Tower
10:11 Barracks
11:38 Scout Tower
11:39 Scout Tower
11:44 Guard Tower
11:49 Farm
12:43 Guard Tower
13:08 Farm
13:10 Farm
14:27 Arcane Sanctum
15:19 Farm
15:20 Farm
15:21 Farm
15:22 Farm
» items
| Scroll of Regeneration | 2 | |
| Lesser Clarity Potion | 3 | |
| Potion of Healing | 2 | |
| Scroll of Town Portal | 1 | |
| Orb of Fire | 1 | |
| Potion of Mana | 1 | |
10 total

»
poopieandy (
blue | 53 APM | 1012 actions | 19:13)
5 Goblin Alchemist
2 Acid Bomb
3 Chemical Rage
2 Shadow Hunter
1 Hex
1 Healing Wave
1 Mountain King
1 Bash
» actions
| Assign group hotkey | 13 | |
| Basic commands | 150 | |
| Build / train | 59 | |
| ESC pressed | 1 | |
| Enter build submenu | 17 | |
| Enter hero's abilities submenu | 7 | |
| Give item / drop item | 1 | |
| Right click | 167 | |
| Select / deselect | 270 | |
| Select group hotkey | 250 | |
| Use ability | 77 | |
1012 total
» units
| Peon | 12 | |
| Grunt | 8 | |
| Shaman | 4 | |
| Tauren | 4 | |
| Goblin Shredder | 1 | |
29 total
» upgrades
| Armor | 2 | |
| Melee Weapons | 1 | |
| Pillage | 1 | |
| Berserker Strength | 1 | |
| Shaman Training | 2 | |
| Reinforced Defenses | 1 | |
8 total
» buildings
| Barracks | 1 | |
| Orc Burrow | 5 | |
| Altar of Storms | 2 | |
| Voodoo Lounge | 1 | |
| War Mill | 2 | |
| Stronghold | 1 | |
| Great Hall | 1 | |
| Watch Tower | 2 | |
| Fortress | 1 | |
| Spirit Lodge | 1 | |
| Tauren Totem | 2 | |
19 total
» build order
00:35 Barracks
00:49 Orc Burrow
01:07 Altar of Storms
01:25 Orc Burrow
01:53 Voodoo Lounge
02:56 Orc Burrow
03:48 War Mill
04:54 Stronghold
06:10 Great Hall
07:16 Orc Burrow
08:14 Watch Tower
08:28 Fortress
09:07 Spirit Lodge
12:08 Tauren Totem
12:11 Tauren Totem
13:11 Orc Burrow
13:14 Watch Tower
17:25 Altar of Storms
18:29 War Mill
» items
| Healing Salve | 6 | |
| Scroll of Town Portal | 2 | |
| Lesser Clarity Potion | 2 | |
10 total
Tacticalwc3 (
teal | 84 APM | 1613 actions | 19:07)
3 Mountain King
2 Storm Bolt
1 Bash
3 Paladin
2 Holy Light
1 Divine Shield
» actions
| Assign group hotkey | 55 | |
| Basic commands | 109 | |
| Build / train | 77 | |
| Enter build submenu | 32 | |
| Enter hero's abilities submenu | 6 | |
| Give item / drop item | 1 | |
| Right click | 601 | |
| Select / deselect | 292 | |
| Select group hotkey | 379 | |
| Use ability | 61 | |
1613 total
» units
| Peasant | 13 | |
| Rifleman | 16 | |
| Mortar Team | 8 | |
| Flying Machine | 1 | |
| Sorceress | 3 | |
41 total
» upgrades
| Gunpowder | 2 | |
| Armor | 2 | |
| Long Rifles | 1 | |
| Masonry | 2 | |
| Lumber Harvesting | 1 | |
| Flare | 1 | |
9 total
» buildings
| Farm | 13 | |
| Altar of Kings | 1 | |
| Keep | 2 | |
| Barracks | 1 | |
| Blacksmith | 1 | |
| Lumber Mill | 1 | |
| Scout Tower | 7 | |
| Arcane Tower | 4 | |
| Guard Tower | 5 | |
| Arcane Vault | 1 | |
| Workshop | 1 | |
| Arcane Sanctum | 1 | |
| Castle | 1 | |
39 total
» build order
01:50 Farm
01:52 Altar of Kings
01:58 Keep
01:59 Keep
02:03 Barracks
02:09 Blacksmith
02:22 Farm
02:38 Farm
02:40 Farm
02:47 Lumber Mill
03:19 Farm
03:21 Farm
04:08 Scout Tower
04:42 Arcane Tower
04:45 Scout Tower
05:07 Farm
05:10 Scout Tower
05:15 Scout Tower
05:16 Scout Tower
05:22 Guard Tower
05:38 Farm
06:01 Arcane Vault
06:20 Guard Tower
06:20 Guard Tower
06:52 Arcane Tower
06:52 Arcane Tower
07:36 Workshop
09:18 Farm
10:43 Farm
10:47 Farm
10:48 Farm
11:32 Arcane Sanctum
12:05 Scout Tower
12:46 Guard Tower
14:29 Castle
14:33 Farm
15:23 Scout Tower
18:17 Guard Tower
» items
| Scroll of Regeneration | 1 | |
| Lesser Clarity Potion | 1 | |
2 total
PowerHouse2010 (
yellow | 39 APM | 748 actions | 19:20)
3 Blademaster
2 Mirror Image
1 Wind Walk
1 Far Seer
1 Chain Lighting
» actions
| Assign group hotkey | 24 | |
| Basic commands | 1 | |
| Build / train | 66 | |
| Enter build submenu | 29 | |
| Enter hero's abilities submenu | 4 | |
| Remove unit from queue | 4 | |
| Right click | 241 | |
| Select / deselect | 215 | |
| Select group hotkey | 114 | |
| Use ability | 50 | |
748 total
» units
| Peon | 13 | |
| Troll Headhunter/Berserker | 24 | |
37 total
» upgrades
| Pillage | 1 | |
| Armor | 2 | |
| Ranged Weapons | 2 | |
| Spiked Barricades | 1 | |
| Troll Regeneration | 1 | |
| Berserker Upgrade | 1 | |
| Shaman Training | 1 | |
9 total
» buildings
| Altar of Storms | 1 | |
| Orc Burrow | 4 | |
| War Mill | 1 | |
| Barracks | 1 | |
| Voodoo Lounge | 2 | |
| Great Hall | 1 | |
| Stronghold | 1 | |
| Watch Tower | 12 | |
| Fortress | 2 | |
| Spirit Lodge | 1 | |
26 total
» build order
00:14 Altar of Storms
00:24 Orc Burrow
00:49 War Mill
01:31 Barracks
02:31 Voodoo Lounge
02:55 Orc Burrow
06:52 Great Hall
07:09 Stronghold
07:16 Orc Burrow
07:55 Watch Tower
07:57 Watch Tower
08:29 Watch Tower
09:48 Watch Tower
09:50 Watch Tower
10:17 Watch Tower
10:49 Watch Tower
10:52 Watch Tower
11:26 Watch Tower
11:54 Watch Tower
11:58 Watch Tower
12:02 Watch Tower
13:39 Fortress
13:39 Fortress
16:38 Spirit Lodge
16:47 Voodoo Lounge
18:16 Orc Burrow
» items
| Healing Salve | 2 | |
| Scroll of Speed | 2 | |
| Scroll of Town Portal | 2 | |
| Potion of Healing | 1 | |
7 total
Chat log
(00:19 / Allies) poopieandy: units?
(00:23 / Allies) Tacticalwc3: riflemorts
(00:29 / Allies) PowerHouse2010: hh and shamans
(00:37 / Allies) teelo: gryphs
(00:38 / Allies) Tacticalwc3: can u tauren, shams instead?
(00:41 / Allies) poopieandy: melee then
(00:44 / Allies) poopieandy: ill go taur
(00:47 / Allies) Tacticalwc3: ok
(00:55 / Allies) PowerHouse2010: k
(00:57 / Allies) Tacticalwc3: i'll get gyros if we need hard AA
(01:13 / Allies) PowerHouse2010: blue is getting taruen, so hh better for me then
(01:25 / Allies) Tacticalwc3: double caster wouldnt hurt
(01:31 / Allies) Tacticalwc3: a few by each of you should suffice.
(01:52 / Allies) PowerHouse2010: concur
(03:39 / Allies) poopieandy: brt
(05:15 / Allies) PowerHouse2010: thx for ehal
(05:18 / Allies) poopieandy: np
(06:25 / Allies) poopieandy: get it
(06:31 / Allies) Tacticalwc3: u wanna tech
(06:32 / Allies) Tacticalwc3: thats on
(06:33 / Allies) Tacticalwc3: u
(06:36 / Allies) Tacticalwc3: dont leech my exp
(06:52 / Allies) teelo: IM SORRY I THOUGHT THIS WAS A TEAM GAME
(06:56 / Allies) Tacticalwc3: it is
(07:00 / Allies) Tacticalwc3: straight teching is greedy
(07:01 / Allies) PowerHouse2010: yes this is team game
(07:55 / All) Tacticalwc3: Boo 2v1
(07:57 / All) Tacticalwc3: COme at me alone
(08:13 / All) shadradoo: team game nigga
(08:18 / All) Tacticalwc3: excuse nigga
(08:25 / All) shadradoo: be more mad nigga
(08:28 / All) teelo: teal told me to fuck off cause I was "leeching his XP" lol
(08:31 / All) Tacticalwc3: Be more bad nigga
(08:44 / Allies) Tacticalwc3: tahts all u have for d
(08:47 / Allies) Tacticalwc3: are u fucking shitting meÉ
(08:51 / Allies) Tacticalwc3: u should have 6-8 towers
(08:52 / Allies) Tacticalwc3: ur bad
(09:01 / All) Tacticalwc3: ya
(09:02 / All) Tacticalwc3: hes pro
(09:05 / All) Tacticalwc3: Check those spaced towers homey
(09:49 / Allies) Tacticalwc3: gryphs
(09:51 / Allies) Tacticalwc3: is an idiotic move
(09:53 / Allies) Tacticalwc3: czu uve proven ur bad
(09:58 / Allies) Tacticalwc3: dont make it worse
(10:06 / All) Tacticalwc3: Damn
(10:08 / All) Tacticalwc3: I got the gosus sun
(10:09 / All) Tacticalwc3: YEa
(10:18 / Allies) Tacticalwc3: gg
(10:19 / Allies) Tacticalwc3: noobs
(10:22 / Allies) poopieandy: goin
(10:27 / Allies) PowerHouse2010: tp
(10:29 / Allies) Tacticalwc3: wtf is this so far forÉ
(10:30 / Allies) PowerHouse2010: tp
(10:33 / Allies) Tacticalwc3: like wtf is wrong iwth u 3
(10:48 / All) shadradoo: ill admit
(10:50 / All) shadradoo: this is sad
(10:53 / All) Tacticalwc3: no shit
(11:02 / All) Tacticalwc3: Blues altar is 15 miles from the rest of his base
(11:04 / All) Tacticalwc3: Simple logic
(11:05 / All) Tacticalwc3: Like come on
(11:13 / All) shadradoo: no hate bro
(11:18 / All) Tacticalwc3: Wtf goes into your head when u design your build
(11:20 / All) Tacticalwc3: Fucking idiots
(12:13 / Allies) PowerHouse2010: thx a lot
(12:15 / Allies) Tacticalwc3: knights and gryphs
(12:16 / All) shadradoo: poopie andy
(12:18 / Allies) Tacticalwc3: how retarded are uÉ
(12:21 / All) shadradoo: i like that name
(13:19 / Allies) Tacticalwc3: dont antagonzie them
(13:25 / Allies) Tacticalwc3: u fuckin antagonized them
(13:27 / Allies) Tacticalwc3: thx u dumbass
(13:29 / Allies) Tacticalwc3: now i cant expo
(13:32 / Allies) PowerHouse2010: lets hit ...
(13:34 / Allies) Tacticalwc3: cuz their gonna counter ur noob ass
(13:37 / Allies) Tacticalwc3: FUCK PEOEPLE DONT THINK
(13:44 / Allies) poopieandy: wood?
(13:51 / All) Tacticalwc3: Team of lost causes
(13:56 / All) Tacticalwc3: Wtf was that, redÉ
(13:59 / Allies) teelo: I stopped caring when you wouldn't shut up
(14:11 / Allies) PowerHouse2010: come all fast
(14:12 / Allies) Tacticalwc3: u stopped caring when u build like an idiot
(14:14 / All) shadradoo: my team is decent
(14:18 / All) Tacticalwc3: No shit
(14:20 / All) Tacticalwc3: Usually how it works
(14:28 / All) shadradoo: matchmaking is fucked
(14:36 / Allies) poopieandy: b
(14:36 / All) Tacticalwc3: Beyond fucked
(14:44 / All) Tacticalwc3: They should pair fucktards like red together
(14:51 / All) Tacticalwc3: WTF IS WITH THAT TOWER BUILDÉ
(14:52 / All) Tacticalwc3: I DONT GET IT
(14:56 / All) Tacticalwc3: WHY SPACE THEM OUT LIKE THAT
(14:57 / All) Tacticalwc3: LOL
(14:58 / All) Tacticalwc3: COME ON
(15:05 / Allies) Tacticalwc3: makes no sense
(15:08 / Allies) poopieandy: keave expo yellow
(15:12 / All) shadradoo: makes em easier to kill
(15:14 / All) shadradoo: very effective
(15:15 / All) Tacticalwc3: I`ll never understand retardism
(15:16 / All) Tacticalwc3: Seriously
(15:26 / All) Tacticalwc3: WHen a retard
(15:27 / All) teelo: teal is a very angry person
(15:30 / All) Tacticalwc3: Takes the easy to defend expo
(15:32 / All) Tacticalwc3: And botches it
(15:44 / Allies) PowerHouse2010: teal red ???
(15:49 / Allies) Tacticalwc3: do u see 2 othersÉ
(15:50 / Allies) Tacticalwc3: idiot
(15:53 / All) shadradoo: pillage <3
(15:56 / All) Tacticalwc3: Like
(15:57 / Allies) PowerHouse2010: only blue is playing ...
(15:59 / All) Tacticalwc3: Another class example
(16:05 / All) Tacticalwc3: Is yellow
(16:08 / All) Tacticalwc3: Calling for me and red to help him
(16:12 / All) Tacticalwc3: Despite the fact its 2v2
(16:20 / Allies) PowerHouse2010: burrow
(16:23 / Allies) PowerHouse2010: burrow blue
(17:02 / Allies) PowerHouse2010: teal red help blue
(17:11 / All) Tacticalwc3: Stfu yellow
(17:13 / All) Tacticalwc3: U baddies lost top
(17:14 / All) Tacticalwc3: Ur own fault
(17:14 / All) poopieandy: yellow ur terrible
(17:36 / All) Tacticalwc3: Pro team ftw
(17:37 / All) Tacticalwc3: Again
(17:37 / Allies) poopieandy: 1 barrack....
(17:38 / All) Tacticalwc3: Yay
(17:41 / All) shadradoo: sigh
(17:48 / Allies) PowerHouse2010: pink
(17:54 / Allies) PowerHouse2010: pink
(17:57 / All) Tacticalwc3: Red
(17:59 / All) Tacticalwc3: Has kngiths
(18:01 / Allies) PowerHouse2010: out
(18:02 / All) Tacticalwc3: With no caster support
(18:05 / Allies) PowerHouse2010: u got no aa out
(18:06 / All) Tacticalwc3: Really
(18:07 / Allies) PowerHouse2010: out red
(18:09 / All) Tacticalwc3: Melee with no casters
(18:23 / All) Tacticalwc3: Its like a farcry to ask for a decent team
(18:35 / All) poopieandy: later
(18:38 / All) Tacticalwc3: Its like retards pick 12 years after a game came out to try and learn against veterans who have been playing for just as long
(18:40 / All) Tacticalwc3: Such a bad tea
(18:48 / Allies) PowerHouse2010: tp
(18:59 / All) Tacticalwc3: No1 is tping to your noob asses, yellow
(19:01 / All) Tacticalwc3: Get over it
(19:05 / All) Tacticalwc3: Brutal team
(19:08 / All) shadradoo: lol
(19:13 / All) teelo: finally
(19:15 / Allies) PowerHouse2010: noob teal and red
(19:15 / All) teelo: he is a very angry person